 Dungeon Crawl Stone Soup version 0.29.1-15-g9cfb28693d (webtiles) character file.

Game seed: 11304575638207139056

18 leafyfresh the Sneak (level 2, -4/21 HPs)
             Began as an Octopode Delver on Feb 24, 2023.
             Killed from afar by Sigmund (6 damage)
             ... with a magic dart
             ... on level 4 of the Dungeon.
             The game lasted 00:00:16 (169 turns).

leafyfresh the Sneak (Octopode Delver)               Turns: 169, Time: 00:00:17

Health: -4/21      AC:  1    Str: 11    XL:     2   Next: 70%
Magic:  2/2        EV: 13    Int: 12    God:
Gold:   0          SH:  0    Dex: 13    Spells: 1/1 levels left

rFire   . . .      SeeInvis .   a - +0 short sword
rCold   . . .      Faith    .   (no shield)
rNeg    . . .      Spirit   .   (helmet restricted)
rPois   .          Reflect  .   (no amulet)
rElec   .          Harm     .   (no ring)
rCorr   .          Rampage  .   (no ring)
Will    .....                   (no ring)
Stlth   ++++......              (no ring)
HPRegen 0.07/turn               (no ring)
MPRegen 0.08/turn               (no ring)
                                (no ring)
                                (no ring)

@: no status effects
A: almost no armour, amphibious, 8 rings, camouflage 1, gelatinous body 1,
(nimble swimmer 1), tentacles
a: no special abilities


You were on level 4 of the Dungeon.
You visited 1 branch of the dungeon, and saw 2 of its levels.

Inventory:

Hand Weapons
 a - a +0 short sword (weapon)
Wands
 f - a wand of digging (3)
Scrolls
 b - a scroll of fog
 c - a scroll of magic mapping
 d - a scroll of fear
 g - a scroll of summoning {unknown}
Potions
 e - a potion of haste


   Skills:
 + Level 3.2 Fighting
 + Level 2.3 Short Blades
 + Level 2.3 Dodging
 + Level 6.9 Stealth


You had one spell level left.
You didn't know any spells.
Your spell library was empty.

Dungeon Overview and Level Annotations

Branches:
Dungeon (5/15)
 Temple: D:4-7

Altars:

Annotations:
D:4 Sigmund


Innate Abilities, Weirdness & Mutations

You cannot wear most types of armour.
You are amphibious.
You can wear up to eight rings at the same time.
Your skin changes colour to match your surroundings (Stealth+).
Your rubbery body absorbs attacks. (AC +1, EV +1)
((You are camouflaged when in or above water. (Stealth+)))
You have tentacles for arms and can constrict up to eight enemies at once.


Message History

No target in view!
No target in view!
No target in view!
You see here an adder corpse.
Found an escape hatch in the floor.
There is a stone staircase leading up here.
You climb upwards.
Found a trident.
There is a stone staircase leading down here.
HP restored.
You see here a +0 trident.
Sigmund the Dreaded comes into view.
He is wielding a +0 scythe.
Sigmund is nearby!
An iguana comes into view.
There are monsters nearby!
An endoplasm comes into view.
A black bear and an iguana come into view.
Sigmund shouts!
The iguana hisses angrily.
The endoplasm quivers.
The black bear growls angrily.
Sigmund barely misses you.
You closely miss Sigmund. Your grab misses Sigmund.
The iguana barely misses you.
You hit Sigmund but do no damage. You grab Sigmund. You squeeze Sigmund.
Sigmund is lightly wounded.
You constrict Sigmund, but do no damage.
Sigmund hits you with a +0 scythe. The iguana bites you!
* * * LOW HITPOINT WARNING * * *
The iguana hisses menacingly.
You are too injured to fight recklessly!
You are too injured to fight recklessly!
You are too injured to fight recklessly!
Unknown command.
You barely miss Sigmund. You squeeze Sigmund.
Sigmund is moderately wounded.
You constrict Sigmund. The iguana bites you.
* * * LOW HITPOINT WARNING * * *
Sigmund casts a spell at you. The magic dart hits you.
You die...

###########.#
#...........#
#.#########.# #.# #.#
#.# #.# #.# #.# # #.#
#.#
#####.#.#########.#####
.....hl@.........)...>#
#####.#@#############.#
...#l# #.# ### #J# #.#
..# #.# ..# ..# ..# #.#
...# #.#


You could see a black bear, Sigmund, 2 iguanas and an endoplasm.

Vanquished Creatures
  2 adders (D:5)
2 creatures vanquished.

Notes
Turn   | Place    | Note
-------+----------+-------------------------------------------
     0 | D:5      | leafyfresh the Octopode Delver began the quest for the Orb.
     0 | D:5      | Reached XP level 1. HP: 16/16 MP: 1/1
    87 | D:5      | Reached XP level 2. HP: 21/21 MP: 2/2
   160 | D:4      | Noticed Sigmund
   165 | D:4      | Noticed a black bear
   169 | D:4      | Killed from afar by Sigmund

Illustrated notes

Levels and vault maps discovered:
D:4:      layout_basic, mainiacjoe_overflow_small_starburst, uniq_eustachio,
          uniq_sigmund, uniq_grinder, uniq_ijyb
D:5:      layout_loops_ring, mainiacjoe_overflow_catwalk_spiral, serial_shops,
          shop

Action                   || total
-------------------------++-------
Melee: Short sword       ||    10
       Tentacles         ||     3
       Constrict         ||     2
 Stab: Sleeping          ||     1
Armor: Skin              ||     1
Dodge: Dodged            ||     7
